[Event "Masterklassen-Elit 2025"]
[Site "Uppsala, Sweden"]
[Date "2025.07.06"]
[Round "9.2"]
[White "Landgren, Andreas"]
[Black "Ljung, Harald"]
[Result "0-1"]
[TimeControl "90 min for 40 move + 30 min with an increment of 30 sec starting move 1"]
[WhiteTitle "FM"]
[WhiteFideId "1704311"]
[BlackFideId "1738178"]
[WhiteElo "2261"]
[BlackElo "2194"]

1. d4 Nf6 2. c4 e6 3. Nf3 d5 4. Nc3 Be7 5. Bf4 O-O 6. e3 c6 7. Bd3 Nbd7 8. cxd5 exd5 9. Qc2 Nb6 10.
h3 h6 11. O-O-O Nc4 12. g4 Qa5 13. g5 hxg5 14. Nxg5 b5 15. Kb1 Ba6 16. Rdg1 b4 17.
Nd1 b3 18. axb3 Nd2+ 19. Kc1 Bb4 20. Nc3 Nxb3+ 21. Qxb3 Bxd3 22. Kd2 Bf5 23. Ra1 Qb6 24.
Ke2 a5 25. f3 Nh5 26. Bh2 Rae8 27. Kf2 f6 28. Nge4 Qd8 29. Ng3 Nxg3 30. Bxg3 Kh8 31. h4 c5 32. Qxd5 cxd4 33. Qxd4 Qc8 34.
Rhd1 Bc5 35. Qd5 Rxe3 36. Kg2 Rfe8 37. Rxa5 Bh3+ 38. Kh1 Bf1 39. Rxf1 Qh3+ 40. Kg1 Re1+ 0-1

[Event "Masterklassen-Elit 2025"]
[Site "Uppsala, Sweden"]
[Date "2025.07.06"]
[Round "9.3"]
[White "Wiedenkeller, Michael"]
[Black "Andersson, Tommy"]
[Result "1/2-1/2"]
[TimeControl "90 min for 40 move + 30 min with an increment of 30 sec starting move 1"]
[WhiteTitle "IM"]
[BlackTitle "IM"]
[WhiteFideId "1700146"]
[BlackFideId "1703803"]
[WhiteElo "2384"]
[BlackElo "2348"]

1. c4 e5 2. Nc3 f5 3. d4 exd4 4. Qxd4 Nc6 5. Qe3+ Qe7 6. Nd5 Qxe3 7. Bxe3 Bb4+ 8. Bd2 Bxd2+ 9. Kxd2 Kd8 10.
Nf3 h6 11. h4 d6 12. e3 Nge7 13. Rd1 g6 14. Kc3 Nxd5+ 15. cxd5 Ne5 16. Nxe5 dxe5 17. d6 Be6 18. Bc4 Bxc4 19.
dxc7+ Kxc7 20. Kxc4 Rhd8 21. f4 Rxd1 22. Rxd1 exf4 23. exf4 1/2-1/2

[Event "Masterklassen-Elit 2025"]
[Site "Uppsala, Sweden"]
[Date "2025.07.06"]
[Round "9.4"]
[White "Carlsson, Ludvig"]
[Black "Olsson, William"]
[Result "1-0"]
[TimeControl "90 min for 40 move + 30 min with an increment of 30 sec starting move 1"]
[WhiteTitle "IM"]
[BlackTitle "IM"]
[WhiteFideId "1727010"]
[BlackFideId "1741721"]
[WhiteElo "2379"]
[BlackElo "2365"]

1. e4 e5 2. Nf3 Nc6 3. Nc3 Nf6 4. d4 exd4 5. Nxd4 Bb4 6. Nxc6 bxc6 7. Bd3 d5 8. Bd2 O-O 9. O-O Bxc3 10.
Bxc3 Nxe4 11. Bxe4 dxe4 12. Re1 Bf5 13. Qh5 Bg6 14. Qa5 Qc8 15. Rad1 f6 16. Bd4 Rd8 17. Be3 Qb7 18. Rxd8+ Rxd8 19.
Qxa7 Qxa7 20. Bxa7 Rd2 21. Rc1 e3 22. Bxe3 Rxc2 23. Rxc2 Bxc2 24. Bf4 Kf7 25. Bxc7 Ke6 26. Ba5 g5 27.
Kf1 Be4 28. Bd8 h5 29. a4 g4 30. g3 Bc2 31. a5 Bd3+ 32. Ke1 c5 33. Kd2 Ba6 34. Ke3 Ke5 35. Be7 c4 36. Bb4 f5 37.
Bc3+ Kd5 38. Kf4 Bc8 39. Kg5 Ke4 40. Kxh5 f4 41. a6 fxg3 42. fxg3 Kf5 43. a7 Bb7 44. Kh4 Bg2 45. Bd2 1-0

[Event "Masterklassen-Elit 2025"]
[Site "Uppsala, Sweden"]
[Date "2025.07.06"]
[Round "9.5"]
[White "Thorn, Eric"]
[Black "Lindberg, Bengt"]
[Result "1-0"]
[TimeControl "90 min for 40 move + 30 min with an increment of 30 sec starting move 1"]
[WhiteTitle "FM"]
[BlackTitle "IM"]
[WhiteFideId "1710729"]
[BlackFideId "1700359"]
[WhiteElo "2357"]
[BlackElo "2334"]

1. d4 Nf6 2. c4 e6 3. Nf3 b6 4.
a3 c5 5.
d5 exd5 6. cxd5 d6 7. Nc3 g6 8. e4 Bg7 9. Bb5+ Bd7 10. Bd3 O-O 11. h3 b5 12. O-O Re8 13. Re1 c4 14. Bf1 Na6 15. Bf4 Nc5 16. Qc2 Qb6 17. Rad1 a5 18. e5 Bf5 19. Qc1 Nb3 20. Qe3 Qb7 21. g4 Bc2 22.
Rd2 Nxd2 23. Qxd2 dxe5 24. Nxe5 Bd3 25. Bg2 b4 26. Na4 Qb5 27. b3 Ne4 28. bxc4 Qxa4 29. Qxd3 Nc5
30. Qd4 Nb3 31. Qd1 bxa3 32. d6 a2 33. Bxa8 a1=Q 34.
d7 Rxa8 35. d8=Q+ Rxd8 36. Qxd8+ Bf8 37. Rxa1 Qxa1+ 38. Kg2 Qd4 39. Nd7 Qe4+ 40. Kg3 Qe7 41. Qc8 Nd4 42. Bh6 Qa3+ 43. Kh2 Ne6 1-0